[Event "Team 45 45 League T28"]
[Site "Internet Chess Club"]
[Date "2005.10.09"]
[Round "4"]
[White "DavidBarnsley"]
[Black "syy89"]
[Result "0-1"]
[WhiteElo "2026"]
[BlackElo "2103"]
[TimeControl "2700+45"]

1. d4 f5 2. g3 Nf6 3. Bg2 g6 4. Nh3 Bg7 5. d5 O-O 6. Nf4 c6 7. c4 e5 8. Nh3 d6
9. O-O cxd5 10. cxd5 h6 11. Nc3 Qe8 12. f3 a6 13. a4 Nbd7 14. e4 fxe4 15. fxe4
Nc5 16. Nf2 a5 17. Be3 b6 18. Re1 Bd7 19. Bf1 h5 20. Bb5 Rd8 21. Rc1 Ng4 22.
Nxg4 hxg4 23. Be2 Bxa4 24. Nxa4 Qxa4 25. Bxg4 Qb4 26. Bxc5 bxc5 27. Be6+ Kh7 28.
Qe2 Qd4+ 29. Kg2 Rb8 30. Rc2 Rb3 31. Rd2 Qb4 32. Rf1 Rxf1 33. Kxf1 Bh6 34. Rd3
Rxb2 35. Qf3 Rxh2 36. Rb3 Qd2 37. Rb7+ Bg7 38. Rxg7+ Kxg7 39. Qf7+ Kh6 40. Qf8+
Kh5 41. Qf3+ Kg5 42. Kg1 c4 43. Bf5 Qg2+ 44. Qxg2 Rxg2+ 45. Kxg2 c3 {White
resigns} 0-1

[Event "Team 45 45 League T28"]
[Site "Internet Chess Club"]
[Date "2005.10.08"]
[Round "4"]
[White "alexcolins"]
[Black "matman"]
[Result "0-1"]
[WhiteElo "1885"]
[BlackElo "1939"]
[TimeControl "2700+45"]

1. d4 d5 2. Nf3 Nf6 3. e3 c6 4. c4 Bg4 5. Qb3 Qb6 6. Qxb6 axb6 7. Ne5 Bf5 8. Nc3
e6 9. Bd2 Nbd7 10. b3 Ba3 11. Bd3 Nxe5 12. Bxf5 Nxc4 13. bxc4 exf5 14. cxd5 Bb2
15. Rb1 Bxc3 16. Bxc3 Nxd5 17. Kd2 Rxa2+ 18. Rb2 Ra3 19. Bb4 Ra4 20. Rhb1 Kd7
21. Kd3 Nxb4+ 22. Rxb4 Rxb4 23. Rxb4 b5 24. d5 Kd6 25. f3 Kxd5 26. Rd4+ Ke6 27.
Kc3 Ra8 28. Kb2 h5 29. f4 Ke7 30. Kb3 Rd8 31. Kb4 b6 32. Kc3 c5 33. Rd3 b4+ 34.
Kc2 c4 35. Rxd8 Kxd8 36. h3 h4 37. Kd2 b3 38. Kc3 b5 39. Kb2 b4 40. Kc1 c3 41.
Kb1 b2 42. Kc2 b3+ 43. Kb1 Kc7 {White resigns} 0-1

[Event "Team 45 45 League T28"]
[Site "Internet Chess Club"]
[Date "2005.10.06"]
[Round "4"]
[White "Div-anand"]
[Black "azbycx"]
[Result "0-1"]
[WhiteElo "1850"]
[BlackElo "1791"]
[TimeControl "2700+45"]

1. e4 c6 2. d4 d5 3. e5 Bf5 4. Nf3 e6 5. Bd3 Bg6 6. Bg5 Be7 7. Bxe7 Nxe7 8. h4
Bh5 9. Be2 Nf5 10. Ng5 Bxe2 11. Qxe2 Nxd4 12. Qh5 g6 13. Qg4 Nxc2+ 14. Kf1 Qe7
15. h5 h6 16. hxg6 f5 17. Qh5 Kd7 18. Nc3 Nxa1 19. Nf7 Rg8 20. Qxh6 Na6 21. Qd2
Rxg6 22. Rh7 Rag8 23. Nb5 cxb5 24. Qa5 Nc7 25. Qxa7 R6g7 26. Rxg7 Rxg7 27. Nd6
Qg5 28. g3 Rg8 29. Nxb7 Qc1+ 30. Kg2 Qc6 31. Nc5+ Ke7 32. Na6 Ra8 33. Qe3 d4+
{White resigns} 0-1

[Event "Team 45 45 League T28"]
[Site "Internet Chess Club"]
[Date "2005.10.08"]
[Round "4"]
[White "Gregorio"]
[Black "Burning-Bush"]
[Result "1/2-1/2"]
[WhiteElo "2149"]
[BlackElo "2083"]
[TimeControl "2700+45"]

1. e4 c5 2. Nf3 e6 3. d4 cxd4 4. Nxd4 a6 5. Be3 Nf6 6. f3 Qc7 7. Qd2 Nc6 8. c3
h6 9. Be2 Be7 10. O-O O-O 11. Rd1 b5 12. a4 bxa4 13. Rxa4 Bb7 14. b4 d5 {Game
drawn by mutual agreement} 1/2-1/2

[Event "Team 45 45 League T28"]
[Site "Internet Chess Club"]
[Date "2005.10.10"]
[Round "4"]
[White "searchforbobby1"]
[Black "A-Ru"]
[Result "1-0"]
[WhiteElo "2100"]
[BlackElo "1830"]
[TimeControl "2700+45"]

1. e4 e6 2. d4 d5 3. Nc3 Nf6 4. Bg5 Bb4 5. e5 h6 6. Bd2 Bxc3 7. bxc3 Ne4 8. Qg4
g6 9. h4 c5 10. Rh3 Nc6 11. Bd3 Nxd2 12. Kxd2 cxd4 13. cxd4 Qa5+ 14. c3 Bd7 15.
Nf3 O-O-O 16. Rhh1 Kb8 17. Rhb1 Rc8 18. Rb3 Qc7 19. Rc1 Na5 20. Rb4 Nc6 21. Rb2
Na5 22. Rb4 Nc6 23. Rb2 Na5 24. Ke1 Nc4 25. Rb4 Qa5 26. Bxc4 Rxc4 27. Rxc4 dxc4
28. Qe4 Qxa2 29. Nd2 Qa3 30. Rb1 Bc6 31. Qxc6 {Black resigns} 1-0

[Event "Team 45 45 League T28"]
[Site "Internet Chess Club"]
[Date "2005.10.09"]
[Round "4"]
[White "nightly"]
[Black "gule"]
[Result "1-0"]
[WhiteElo "1825"]
[BlackElo "1884"]
[TimeControl "2700+45"]

1. d4 Nf6 2. Bg5 e6 3. Nd2 d5 4. Ngf3 Be7 5. c3 c5 6. e3 Qc7 7. Bd3 Nbd7 8. O-O
h6 9. Bf4 Bd6 10. Bxd6 Qxd6 11. Re1 O-O 12. e4 dxe4 13. Nxe4 Nxe4 14. Bxe4 f5
15. Bc2 c4 16. Ne5 b5 17. a4 Bb7 18. axb5 Rf6 19. f3 Qd5 20. Qe2 Nb6 21. Ra3
Qxb5 22. b4 Bd5 23. Rea1 Nc8 24. Ra5 Qb7 25. Nxc4 Rg6 26. Ne5 Rf6 27. Rc5 Nd6
28. c4 Qxb4 29. Rb1 Qc3 30. Qd3 Qxd3 31. Bxd3 Bb7 32. Rc7 Bc8 33. Ra1 a5 34. Nc6
Rf8 35. Rxa5 Ba6 36. Nb4 Bb7 37. Rxa8 Bxa8 38. c5 Nb7 39. Bc4 Nd8 40. Nd3 Kh7
41. Nf4 Re8 42. Bb5 Rg8 43. Bd7 Bd5 44. Nxd5 exd5 45. Bxf5+ Kh8 46. Rc8 Nc6 47.
Rxc6 {Black resigns} 1-0

[Event "Team 45 45 League T28"]
[Site "Internet Chess Club"]
[Date "2005.10.10"]
[Round "4"]
[White "PaulKaspar"]
[Black "jongalt97"]
[Result "1-0"]
[WhiteElo "1896"]
[BlackElo "1667"]
[TimeControl "2700+45"]

1. e4 e6 2. d4 d5 3. e5 c5 4. c3 Nc6 5. Nf3 Qb6 6. Be2 Nh6 7. b3 cxd4 8. Bxh6
gxh6 9. cxd4 Bb4+ 10. Kf1 Bd7 11. a3 Bf8 12. b4 Bg7 13. Nc3 Qd8 14. Nb5 Bf8 15.
Rc1 a6 16. Nd6+ Bxd6 17. exd6 O-O 18. Ne5 f6 19. Nxc6 Bxc6 20. Qd2 Qxd6 21. Qxh6
e5 22. dxe5 Qxe5 23. Bd3 Rf7 24. Qd2 Re8 25. Re1 Qxe1+ 26. Qxe1 Rxe1+ 27. Kxe1
Kg7 28. f3 f5 29. Kd2 Kf6 30. Re1 h5 31. f4 Bb5 32. Bxb5 axb5 33. Re5 Rd7 34.
Kd3 d4 35. Rxb5 Rc7 36. Kxd4 Rc2 37. Rb6+ Kg7 38. Rxb7+ Kg6 39. Rb6+ Kg7 40. Ke5
Rxg2 41. Kxf5 Rxh2 42. a4 h4 43. a5 h3 44. Rg6+ Kf7 45. Rh6 Rb2 46. Rxh3 Rxb4
47. Ra3 Rb8 48. a6 Ra8 49. a7 {Black resigns} 1-0

[Event "Team 45 45 League T28"]
[Site "Internet Chess Club"]
[Date "2005.10.11"]
[Round "4"]
[White "Zornorph"]
[Black "Lug"]
[Result "0-1"]
[WhiteElo "1967"]
[BlackElo "1991"]
[TimeControl "2700+45"]

1. d4 Nf6 2. Nf3 e6 3. e3 c5 4. Bd3 b6 5. Nbd2 Bb7 6. O-O Be7 7. Re1 O-O 8. c3
d6 9. e4 cxd4 10. cxd4 Nc6 11. a3 Rc8 12. b4 e5 13. d5 Nb8 14. Nf1 Rc7 15. Ng3
Qd7 16. Nf5 Qd8 17. Bg5 Bc8 18. Ng3 Nxd5 19. Bxe7 Nxe7 20. Rc1 Rxc1 21. Qxc1 Ng6
22. Nf5 Be6 23. g3 Qd7 24. Qg5 Rc8 25. h4 f6 26. Qg4 Rc3 27. Re3 Rxa3 28. Kh2
Ra2 29. Bc4 Bxc4 {White resigns} 0-1

[Event "Team 45 45 League T28"]
[Site "Internet Chess Club"]
[Date "2005.10.09"]
[Round "4"]
[White "ardsrfc"]
[Black "Knight77"]
[Result "1-0"]
[WhiteElo "1793"]
[BlackElo "1846"]
[TimeControl "2700+45"]

1. e4 c5 2. Nf3 d6 3. d4 cxd4 4. Nxd4 Nf6 5. Nc3 g6 6. Be3 Bg7 7. f3 O-O 8. Qd2
Nc6 9. O-O-O d5 10. Nxc6 bxc6 11. exd5 cxd5 12. Bd4 e6 13. h4 Re8 14. Re1 Bd7
15. g4 Qa5 16. h5 e5 17. Rxe5 Rxe5 18. Bxe5 Ne4 19. Qxd5 Bh6+ 20. f4 Qxd5 21.
Nxd5 Nf2 22. Rg1 Nxg4 23. Rxg4 Bxg4 24. Nf6+ Kf8 25. Nxg4 Bg7 26. Bxg7+ Kxg7 27.
hxg6 fxg6 28. Bd3 Rf8 29. c4 Rxf4 30. Ne3 h5 31. c5 Ra4 32. c6 Ra5 33. b4 Ra3
34. Kd2 Rxa2+ 35. Kc3 Ra3+ 36. Kd4 a5 37. b5 Ra4+ 38. Nc4 Rb4 39. b6 a4 40. c7
a3 41. c8=Q a2 42. Qa8 Rb1 43. Qxa2 Rg1 44. Qa7+ Kh6 45. b7 Rg4+ 46. Kc3 {Black
resigns} 1-0      **ANNOUNCEMENT** from ROBOadmin: "help event2" for a list of
all the upcoming events on the Internet Chess Club!

[Event "Team 45 45 League T28"]
[Site "Internet Chess Club"]
[Date "2005.10.09"]
[Round "4"]
[White "dougmo"]
[Black "tarheels"]
[Result "0-1"]
[WhiteElo "1502"]
[BlackElo "1708"]
[TimeControl "2700+45"]

1. e4 c5 2. d4 cxd4 3. c3 Nf6 4. e5 Nd5 5. Qxd4 Nb6 6. Nf3 Nc6 7. Qe4 d6 8. Be2
g6 9. Nd4 Nxe5 10. O-O f5 11. Qc2 Nc6 12. Bb5 Bd7 13. Nxc6 bxc6 14. Be2 c5 15.
c4 Bg7 16. Nc3 Bc6 17. Be3 O-O 18. Rad1 Qe8 19. b3 f4 20. Bc1 f3 21. Bd3 fxg2
22. Rfe1 Bd4 23. Be3 Qf7 24. Bxd4 cxd4 25. Ne4 h6 26. Qe2 Nd7 27. Rd2 Ne5 28.
Kxg2 Qf3+ 29. Kg1 Qxe2 30. Rexe2 Nf3+ 31. Kg2 Nxd2 32. Rxd2 e5 33. Kg3 Rf4 34.
Nxd6 h5 35. Be2 Raf8 36. Bd1 a6 37. h3 Rd8 38. c5 Rdf8 39. Nc4 h4+ 40. Kh2 Rxf2+
41. Rxf2 Rxf2+ 42. Kg1 Rxa2 43. Bg4 e4 44. Be6+ Kg7 45. Ne5 Bb5 46. b4 Ra1+ 47.
Kf2 Kf6 48. c6 e3+ 49. Kf3 e2 {White resigns} 0-1

[Event "Team 45 45 League T28"]
[Site "Internet Chess Club"]
[Date "2005.10.11"]
[Round "4"]
[White "Boromir"]
[Black "rph"]
[Result "1-0"]
[WhiteElo "1857"]
[BlackElo "1823"]
[TimeControl "2700+45"]

1. e4 c6 2. d4 d5 3. Nc3 dxe4 4. Nxe4 Nf6 5. Nxf6+ gxf6 6. c3 Bf5 7. Nf3 Qc7 8.
g3 e6 9. Bg2 Nd7 10. O-O O-O-O 11. Nh4 Bg6 12. b4 Bd6 13. Be3 Kb8 14. Nxg6 hxg6
15. Qb3 Rh7 16. c4 Rdh8 17. c5 Be7 18. b5 cxb5 19. Qxb5 Rxh2 20. Rab1 b6 21.
cxb6 axb6 22. Rfc1 Rxg2+ 23. Kxg2 Qb7+ 24. f3 g5 25. d5 Bd8 26. Qc6 Qa6 27. Qxd7
Qe2+ 28. Bf2 Rh2+ 29. Kxh2 Qxf2+ 30. Kh3 {Black resigns} 1-0

[Event "Team 45 45 League T28"]
[Site "Internet Chess Club"]
[Date "2005.10.07"]
[Round "4"]
[White "Zarek"]
[Black "room-matt"]
[Result "1/2-1/2"]
[WhiteElo "1841"]
[BlackElo "1826"]
[TimeControl "2700+45"]

1. e4 e5 2. Nf3 Nc6 3. Bb5 Bc5 4. O-O Nf6 5. d3 O-O 6. Bxc6 dxc6 7. Nxe5 Bd6 8.
f4 Bxe5 9. fxe5 Qd4+ 10. Kh1 Qxe5 11. Nc3 Bg4 12. Qe1 Qh5 13. Qg3 Rac8 14. Be3
a6 15. Bd4 Ne8 16. Rf4 Be6 17. Rh4 Qa5 18. Rf1 Qb4 19. Qe5 b6 20. a3 Qe7 21. Qh5
h6 22. Rf3 c5 23. Bxg7 Nxg7 24. Qxh6 f5 25. Rg3 Qf6 26. Rg6 Qe5 27. Rxg7+ Qxg7
28. Qxe6+ Qf7 29. Qh6 Qg7 30. Qe6+ Qf7 31. Qh6 Qg7 32. Qxg7+ Kxg7 33. Kg1 c6 34.
Rf4 Kg6 35. exf5+ Rxf5 36. Rxf5 Kxf5 37. Kf2 Rh8 38. h3 Rh4 39. Ne2 Ke5 40. Kg3
Rh6 41. h4 a5 42. Kg4 Rg6+ 43. Kf3 Rh6 44. g3 b5 45. Nf4 a4 46. Kg4 Kf6 47. h5
b4 48. Kf3 Kg5 49. d4 bxa3 50. bxa3 cxd4 51. Ke4 c5 52. Nd3 c4 53. Nc5 d3 54.
cxd3 cxd3 55. Kxd3 Kxh5 56. Nxa4 {Game drawn by mutual agreement} 1/2-1/2

[Event "Team 45 45 League T28"]
[Site "Internet Chess Club"]
[Date "2005.10.10"]
[Round "4"]
[White "cayo89"]
[Black "pokerram"]
[Result "1/2-1/2"]
[WhiteElo "1670"]
[BlackElo "1623"]
[TimeControl "2700+45"]

1. e4 c5 2. Nf3 d6 3. c3 Nf6 4. h3 a6 5. Bd3 Nc6 6. Bc2 c4 7. d4 cxd3 8. Bxd3 e5
9. Bg5 Be7 10. Nbd2 Be6 11. Qe2 b5 12. a3 Qc7 13. O-O Na5 14. b4 Nc4 15. Nxc4
bxc4 16. Bc2 O-O 17. a4 h6 18. Bh4 Qb7 19. Rfe1 Nh7 20. Bg3 Nf6 21. Bh4 Nh7 22.
Bg3 Nf6 {Game drawn by mutual agreement} 1/2-1/2

[Event "Team 45 45 League T28"]
[Site "Internet Chess Club"]
[Date "2005.10.11"]
[Round "4"]
[White "Tigram"]
[Black "billarvola"]
[Result "0-1"]
[WhiteElo "2020"]
[BlackElo "1995"]
[TimeControl "2700+45"]

1. e4 e5 2. Nf3 Nc6 3. Bb5 a6 4. Ba4 Nf6 5. O-O Be7 6. Re1 b5 7. Bb3 d6 8. c3
O-O 9. h3 Nb8 10. a4 Bb7 11. d3 Nbd7 12. Nbd2 h6 13. Nf1 Re8 14. Ng3 Bf8 15. d4
c5 16. d5 c4 17. Bc2 g6 18. Be3 Qc7 19. Qd2 Kh7 20. Nh4 Ng8 21. Rf1 Bg7 22. Qe2
Nf8 23. Qf3 Qe7 24. Qe2 Qxh4 25. Kh2 Qe7 26. Rh1 Bf6 27. h4 Bxh4 28. Kg1 Bg5 29.
Rf1 Bc8 30. Ra1 Bd7 31. Qd2 Bxe3 32. fxe3 Bg4 33. Rf1 Ra7 34. Bd1 Qg5 35. Bxg4
Qxg4 36. Rh3 f6 37. Qc2 Rf7 38. Rf3 Qd7 39. axb5 axb5 40. Nf1 f5 41. Qf2 Ree7
42. Ng3 f4 43. exf4 Rxf4 44. Rxf4 exf4 45. Qxf4 Rf7 46. Qe3 Qg4 47. Nf1 Qf4 48.
Qe2 Qg5 49. Rg3 Rxf1+ 50. Qxf1 Qxg3 51. Qxf8 Qe1+ 52. Kh2 Qh4+ 53. Kg1 Qe7 54.
Qb8 Nf6 55. Kh2 Nxe4 56. Qxb5 h5 57. Qxc4 Nf6 58. Kh3 Qe3+ 59. g3 Qg1 60. Qe2
Qh1+ 61. Qh2 Qxd5 62. Qg1 Ng4 63. Qe1 Ne5 64. Qf1 Qe4 65. Kh2 h4 66. Qf4 hxg3+
67. Kxg3 Qe1+ 68. Qf2 Qxf2+ 69. Kxf2 Nd3+ 70. Ke3 Nxb2 71. Kd4 Kg7 72. Kd5 Kf6
73. Ke4 g5 74. Kf3 Kf5 75. Kg3 Nd1 76. c4 Nb2 77. Kf3 Nxc4 78. Kg3 d5 79. Kf3 d4
80. Ke2 Ne5 81. Kf2 d3 82. Ke3 g4 83. Kf2 Kf4 84. Kg2 d2 85. Kh2 d1=Q 86. Kg2
Qe2+ 87. Kh1 Kg3 88. Kg1 Qd1# {White checkmated} 0-1

[Event "Team 45 45 League T28"]
[Site "Internet Chess Club"]
[Date "2005.10.16"]
[Round "4"]
[White "vvsi"]
[Black "andy4226uk"]
[Result "1/2-1/2"]
[WhiteElo "1855"]
[BlackElo "1785"]
[TimeControl "2700+45"]

1. e4 c5 2. c3 d5 3. exd5 Qxd5 4. d4 Nf6 5. Nf3 e6 6. Na3 a6 7. Nc4 Nbd7 8. Be2
b5 9. Ne3 Qc6 10. O-O Be7 11. Ne5 Nxe5 12. dxe5 Nd5 13. Bf3 Bb7 14. c4 bxc4 15.
Nxc4 a5 16. Bd2 Qb5 17. b3 O-O 18. Qe2 Bc6 19. Be4 Rfd8 20. Bd3 Nb4 21. a4 Qb7
22. Bxb4 cxb4 23. Ne3 Bc5 24. f3 Bd4 25. Rad1 Bxe5 26. Nc4 Bf6 27. Ne5 Rd5 28.
Nxc6 Qxc6 29. Be4 Qb6+ 30. Kh1 Rxd1 31. Bxa8 Rxf1+ 32. Qxf1 Qe3 33. Qd1 {Game
drawn by mutual agreement} 1/2-1/2

[Event "Team 45 45 League T28"]
[Site "Internet Chess Club"]
[Date "2005.10.11"]
[Round "4"]
[White "jessewang"]
[Black "kabindra"]
[Result "1-0"]
[WhiteElo "1896"]
[BlackElo "1866"]
[TimeControl "2700+45"]

1. e4 e5 2. Nf3 Nc6 3. Bb5 a6 4. Ba4 Nf6 5. O-O Be7 6. Re1 b5 7. Bb3 O-O 8. c3
Bb7 9. d4 d6 10. Nbd2 Na5 11. Bc2 Nc4 12. Nf1 exd4 13. cxd4 d5 14. e5 Ne4 15.
N1d2 Bb4 16. Re2 f5 17. exf6 Nxf6 18. Nxc4 dxc4 19. Ng5 h6 20. Ne4 Re8 21. Nxf6+
Qxf6 22. Be3 Rad8 23. a3 Bd6 24. h3 Be5 25. Rd2 Bf4 26. Re2 Qc6 27. Qf1 Qd5 28.
Rae1 Bd6 29. Bxh6 Rxe2 30. Rxe2 Qxd4 31. Be3 Qe5 32. f4 Qh5 33. Bc1 Bc5+ 34. Kh2
Bd6 35. Bd1 Rf8 36. Rf2 Qh4 37. Bg4 Qf6 38. Qe2 Bc6 39. Be6+ Kh7 40. Kh1 Qh6 41.
Bg4 Rf6 42. Qc2+ Qg6 43. f5 Qe8 44. Re2 Qf8 45. Bg5 Rf7 46. f6+ Kg8 47. Be6 Kh8
48. fxg7+ Rxg7 49. Rf2 Qe8 50. Qf5 Bd7 51. Bxd7 Rxd7 52. Bf6+ Kg8 53. Qg4+ Kh7
54. Qf5+ Kg8 55. Qg4+ Kh7 56. Re2 Qf7 57. Be5 Re7 58. Qh4+ Kg6 59. Rf2 Qxf2 60.
Qxf2 Rxe5 61. g4 Kg5 62. Kg2 a5 63. Qd2+ Kh4 64. Qh6+ {Black resigns} 1-0

[Event "Team 45 45 League T28"]
[Site "Internet Chess Club"]
[Date "2005.10.08"]
[Round "4"]
[White "Zillmer"]
[Black "hattrick"]
[Result "1-0"]
[WhiteElo "2114"]
[BlackElo "2097"]
[TimeControl "2700+45"]

1. e4 c5 2. Nc3 Nc6 3. f4 e6 4. Nf3 d5 5. Bb5 Ne7 6. exd5 exd5 7. Qe2 g6 8. Qe5
Rg8 9. O-O Bg7 10. Bxc6+ bxc6 11. Qe2 Qd6 12. Re1 Bf6 13. d3 Bg4 14. Bd2 Bxf3
15. Qxf3 Kd7 16. Qh3+ Kc7 17. Qxh7 Raf8 18. Qh3 Nf5 19. Na4 Bd4+ 20. Kh1 Rh8 21.
Qf3 Rxh2+ 22. Kxh2 Rh8+ 23. Qh3 Rxh3+ 24. gxh3 g5 25. Rf1 gxf4 26. Rxf4 Be5 27.
Rf1 Qg6 28. Rg1 Qh6 29. Rg4 Nd4 30. Kg2 f5 31. Rf2 Qf6 32. Rg8 f4 33. Ba5+ Kd6
34. Rd8+ Ke7 35. Nxc5 f3+ 36. Kf1 Qh4 37. Rd7+ Kf8 38. Rd8+ Kg7 39. Rd7+ Kh6 40.
Bd2+ Kg6 41. Be3 Qxh3+ 42. Ke1 Ne2 43. d4 Qh1+ 44. Kd2 Qc1+ 45. Kd3 Qxb2 46.
Rxf3 Nxd4 47. Rg3+ Bxg3 48. Bxd4 Qxa2 49. Rg7+ Kh6 50. Rxg3 Qc4+ 51. Ke3 Qxc2
52. Kf4 Qd2+ 53. Kf5 Qc2+ 54. Nd3 Qh2 55. Rg6+ Kh7 56. Rg7+ Kh6 57. Nf4 Qc2+ 58.
Kf6 Qe4 59. Rg6+ Kh7 60. Rg7+ Kh6 61. Rg6+ Kh7 62. Be5 d4 63. Rg4 d3 64. Rh4+
Kg8 65. Ng6 Qf3+ 66. Bf4 Qxf4+ {Black resigns} 1-0

[Event "Team 45 45 League T28"]
[Site "Internet Chess Club"]
[Date "2005.10.11"]
[Round "4"]
[White "softbunney"]
[Black "Egmont"]
[Result "1-0"]
[WhiteElo "2054"]
[BlackElo "1763"]
[TimeControl "2700+45"]

1. d4 d5 2. c4 c6 3. cxd5 cxd5 4. Nc3 Nf6 5. Nf3 Nc6 6. Bf4 Bf5 7. a3 e6 8. e3
a6 9. Be2 Bd6 10. Ne5 Qc7 11. Rc1 Rc8 12. O-O O-O 13. Nxc6 Qxc6 14. Ne4 Qd7 15.
Nxd6 {Black resigns} 1-0  VentasD(340): David Ventas ---> Ventas, David --->
VentasD :)

[Event "Team 45 45 League T28"]
[Site "Internet Chess Club"]
[Date "2005.10.08"]
[Round "4"]
[White "chinta"]
[Black "DeLaSalle"]
[Result "1/2-1/2"]
[WhiteElo "1664"]
[BlackElo "1994"]
[TimeControl "2700+45"]

1. e4 d5 2. exd5 Nf6 3. d3 Nxd5 4. c4 Nf6 5. Nc3 Nc6 6. Nf3 e5 7. Be3 Be7 8. Be2
O-O 9. O-O Bf5 10. a3 a5 11. Nh4 Be6 12. f4 exf4 13. Bxf4 Nd4 14. Be5 Nxe2+ 15.
Qxe2 Bc5+ 16. Kh1 Ng4 17. Nf3 Nxe5 18. Nxe5 Bd4 19. Rf3 Qd6 20. Re1 Bxc3 21.
bxc3 f6 22. Ng6 Rfe8 23. Nf4 Bg4 24. Qxe8+ Rxe8 25. Rxe8+ Kf7 26. Nd5 Kxe8 27.
Re3+ Be6 28. Rxe6+ Qxe6 29. Nxc7+ Ke7 30. Nxe6 Kxe6 31. Kg1 f5 32. Kf2 g5 33.
Kf3 h5 34. h3 b6 35. g4 fxg4+ 36. hxg4 h4 37. d4 Kd6 38. a4 Ke6 39. Kg2 Kd6 40.
Kf3 Ke6 41. Kg2 Kd6 42. Kf3 Ke6 {Game drawn by repetition} 1/2-1/2

[Event "Team 45 45 League T28"]
[Site "Internet Chess Club"]
[Date "2005.10.08"]
[Round "4"]
[White "tgralex"]
[Black "NFK"]
[Result "1-0"]
[WhiteElo "1828"]
[BlackElo "1761"]
[TimeControl "2700+45"]

1. e4 d6 2. d4 Nf6 3. Nc3 g6 4. Bc4 Bg7 5. f4 Nxe4 6. Bxf7+ Kxf7 7. Nxe4 Rf8 8.
h4 h5 9. Be3 Bf5 10. Ng5+ Ke8 11. Qe2 Nc6 12. O-O-O Qd7 13. a3 d5 14. N1f3 Bg4
15. Rhf1 Qd6 16. Qd2 a5 17. Rde1 b5 18. Ne5 a4 19. Nxc6 Qxc6 20. Nf3 Qc4 21. Kb1
b4 22. Qxb4 Qxb4 23. axb4 a3 24. bxa3 Rxa3 25. Ne5 Bf5 26. Kb2 Ra6 27. Ra1 Rff6
28. b5 Rxa1 29. Rxa1 e6 30. Ra8+ Ke7 31. Nc6+ Kf7 32. Rc8 Be4 33. Rxc7+ Kg8 34.
b6 {Black resigns} 1-0

[Event "Team 45 45 League T28"]
[Site "Internet Chess Club"]
[Date "2005.10.15"]
[Round "4"]
[White "az2112"]
[Black "Knight77"]
[Result "0-1"]
[WhiteElo "1647"]
[BlackElo "1862"]
[TimeControl "2700+45"]

1. d4 d5 2. c4 e5 3. dxe5 d4 4. e3 Bb4+ 5. Bd2 dxe3 6. fxe3 Qh4+ 7. g3 Qe4 8.
Nf3 Bg4 9. Be2 Bxf3 10. Bxf3 Qxe3+ 11. Qe2 Qxe2+ 12. Kxe2 Bxd2 13. Nxd2 Nd7 14.
Kf2 O-O-O 15. Bg4 f5 16. exf6 Nxf6 17. Bh3 Rhf8 18. Ke3 g5 19. Bf5 Kb8 20. g4
Rfe8+ 21. Kf2 Ne5 22. Nf3 Nfxg4+ 23. Bxg4 Nxg4+ 24. Kg3 Ne5 25. Nxg5 Rg8 26. Kf4
Nd3+ 27. Kf5 Rdf8+ 28. Ke4 Nf2+ {White resigns} 0-1

[Event "Team 45 45 League T28"]
[Site "Internet Chess Club"]
[Date "2005.10.11"]
[Round "4"]
[White "Smart"]
[Black "pokerram"]
[Result "0-1"]
[WhiteElo "1518"]
[BlackElo "1635"]
[TimeControl "2700+45"]

1. e4 c5 2. Nf3 d6 3. d3 Nc6 4. g3 e5 5. Bg2 Nf6 6. O-O Be7 7. Nbd2 b5 8. h3 O-O
9. Re1 h6 10. Nf1 Be6 11. Bd2 Qc8 12. Kh2 Nd4 13. Nxd4 cxd4 14. a3 Nh7 15. f4
exf4 16. Bxf4 Rb8 17. b3 Rb6 18. Re2 Ng5 19. Bxg5 Bxg5 20. Rf2 Bf6 21. Qh5 Be5
22. Ra2 a5 23. Rb2 Qc3 24. Rb1 Qc8 25. Rb2 Qc5 26. b4 axb4 27. axb4 Qc3 28. Rb1
Ba2 29. Rc1 Be6 30. Rb1 Ra6 31. Qd1 Ra4 32. Qd2 Qc7 33. Qc1 Rfa8 34. Qd1 Qc3 35.
Qd2 Ra1 36. Qxc3 dxc3 37. Rxa1 Rxa1 38. Ne3 Bd4 39. Re2 Bxe3 40. Rxe3 Ra2 41.
Re2 Rb2 42. d4 Bb3 43. e5 dxe5 44. d5 Rxc2 45. Rxe5 Rd2 46. d6 Rxd6 47. Be4 Re6
48. Rxe6 fxe6 49. Kg2 c2 50. Bxc2 Bxc2 51. Kf3 Bd3 52. Kf4 Kf7 53. g4 g5+ 54.
Kg3 e5 55. h4 Ke6 56. h5 Kd5 57. Kf3 Kc4 58. Ke3 Bb1 {White resigns} 0-1

[Event "Team 45 45 League T28"]
[Site "Internet Chess Club"]
[Date "2005.10.09"]
[Round "4"]
[White "Creecher"]
[Black "AVEMARIA"]
[Result "1-0"]
[WhiteElo "1470"]
[BlackElo "1546"]
[TimeControl "2700+45"]

1. d4 Nf6 2. c4 e6 3. Nc3 Bb4 4. Qc2 c5 5. dxc5 Nc6 6. e3 Bxc5 7. Bd2 b6 8. Nf3
Bb7 9. a3 Rc8 10. b4 Bd6 11. Nb5 Bb8 12. c5 bxc5 13. Qxc5 Ne4 14. Qc2 Nxd2 15.
Qxd2 d5 16. Rc1 O-O 17. Bd3 a6 18. Nbd4 Nxd4 19. Nxd4 Rxc1+ 20. Qxc1 e5 21. Nb3
Qg5 22. O-O d4 23. e4 Qg6 24. Re1 Kh8 25. Nc5 Rc8 26. Qd2 Ba8 27. Nxa6 f5 28.
Nxb8 fxe4 29. Bb1 Rxb8 30. f3 e3 31. Bxg6 exd2 32. Rd1 hxg6 33. Rxd2 g5 34. Kf2
Kh7 35. Re2 Re8 36. a4 Kg6 37. b5 Kf5 38. a5 Bd5 39. Rc2 e4 40. Rc5 e3+ 41. Ke2
Ke6 42. b6 Kd6 43. Rc1 Ra8 44. Ra1 Bc4+ 45. Ke1 d3 46. b7 Rb8 47. a6 d2+ 48. Kd1
Bxa6 49. Rxa6+ Kc7 50. Rg6 Rxb7 51. Rxg7+ Kc6 52. Rxb7 Kxb7 53. g3 Kc6 54. h4
Kd5 55. hxg5 Ke5 56. f4+ Kd4 57. Ke2 Ke4 58. g6 d1=Q+ 59. Kxd1 Kf3 60. Ke1 Kxg3
61. g7 Kxf4 62. g8=Q Kf3 63. Qf7+ Kg2 {Black resigns} 1-0

[Event "Team 45 45 League T28"]
[Site "Internet Chess Club"]
[Date "2005.10.08"]
[Round "4"]
[White "fibin"]
[Black "GadsHill"]
[Result "1/2-1/2"]
[WhiteElo "1549"]
[BlackElo "1579"]
[TimeControl "2700+45"]

1. e4 d6 2. Nf3 Nf6 3. Nc3 Nbd7 4. d4 e5 5. dxe5 dxe5 6. Bc4 Bb4 7. Ng5 O-O 8.
Bxf7+ Rxf7 9. Nxf7 Kxf7 10. Bg5 Bxc3+ 11. bxc3 Qe7 12. O-O b6 13. Bxf6 Nxf6 14.
Qf3 Bb7 15. Rfe1 Rd8 16. g4 Kg8 17. h3 {Game drawn by mutual agreement} 1/2-1/2

[Event "Team 45 45 League T28"]
[Site "Internet Chess Club"]
[Date "2005.10.07"]
[Round "4"]
[White "Lyko"]
[Black "WhoKilledJFK"]
[Result "0-1"]
[WhiteElo "1471"]
[BlackElo "1869"]
[TimeControl "2700+45"]

1. e4 c5 2. c3 e6 3. e5 d5 4. exd6 Bxd6 5. d4 cxd4 6. cxd4 Nf6 7. Nf3 O-O 8. Bc4
a6 9. O-O b5 10. Bb3 Bb7 11. h3 Nbd7 12. Nc3 Rc8 13. Qd3 Nb6 14. Ng5 Nbd5 15.
Nxd5 Bxd5 16. Bxd5 exd5 17. f4 h6 18. Nf3 Ne4 19. Nd2 Re8 20. Nxe4 dxe4 21. Qb3
Qc7 22. Be3 Qc4 23. Qxc4 Rxc4 24. Rac1 Rec8 25. Rxc4 Rxc4 26. Rc1 f5 27. Rxc4
bxc4 28. g4 fxg4 29. hxg4 Kf7 30. Kf2 Ke6 31. Bd2 Kd5 32. Ke3 g6 33. f5 gxf5 34.
gxf5 Be7 35. Kf2 Kxd4 36. Bxh6 Kd3 37. Bg7 e3+ 38. Kg3 e2 39. Bc3 Bf6 40. Kf2
Bxc3 41. bxc3 Kd2 {White resigns} 0-1

[Event "Team 45 45 League T28"]
[Site "Internet Chess Club"]
[Date "2005.10.09"]
[Round "4"]
[White "Avedldesierto"]
[Black "bonecore"]
[Result "1/2-1/2"]
[WhiteElo "1634"]
[BlackElo "1561"]
[TimeControl "2700+45"]

1. e4 e5 2. Nf3 Nc6 3. Bc4 f5 4. d3 Nf6 5. Ng5 d5 6. exd5 Na5 7. Bb5+ c6 8. dxc6
Nxc6 9. O-O Qb6 10. c4 Bc5 11. h3 O-O 12. a3 h6 13. Nf3 Rd8 14. Nc3 e4 15. Na4
Qc7 16. Ne1 Bf8 17. Bxc6 Qxc6 18. Qc2 exd3 19. Nxd3 b5 20. Nac5 Bxc5 21. cxb5
Bxf2+ 22. Qxf2 Qxb5 23. Nf4 Ne4 24. Qe2 Qd7 25. Qc4+ Kh7 26. Be3 Nd2 27. Bxd2
Qxd2 28. Rad1 Qa5 29. Rxd8 Qxd8 30. Qc6 Qb6+ 31. Qxb6 axb6 32. Nd5 Rb8 33. Ne7
Bd7 34. Nxf5 Rf8 35. Ng3 Rxf1+ 36. Kxf1 g6 37. Ne4 Kg7 38. Kf2 h5 39. h4 Kf7 40.
Nd6+ Kf6 41. Nc4 b5 42. Ne3 Ke5 43. g3 Be6 44. Kf3 Kd4 45. g4 hxg4+ 46. Nxg4 Kc4
47. Ne5+ Kb3 48. Nxg6 Kxb2 49. h5 Kxa3 50. Ne5 b4 51. h6 Bg8 52. Ke3 b3 53. Nc4+
{Game drawn by mutual agreement} 1/2-1/2

[Event "Team 45 45 League T28"]
[Site "Internet Chess Club"]
[Date "2005.10.09"]
[Round "4"]
[White "UneasyKing"]
[Black "MoluscoGrotesco"]
[Result "0-1"]
[WhiteElo "1472"]
[BlackElo "1647"]
[TimeControl "2700+45"]

1. e4 c5 2. d4 cxd4 3. c3 d3 4. Bxd3 g6 5. Nf3 Bg7 6. O-O d6 7. Qb3 Nf6 8. Be3
O-O 9. Re1 Nc6 10. Nbd2 Qc7 11. Rad1 Bg4 12. Be2 Bxf3 13. Bxf3 Ne5 14. Nf1 Nxf3+
15. gxf3 b6 {White resigns} 0-1